Map: 2000 애트모스피어 - 래더

Players

iGMacSed (MacSed)

  • Race: Protoss Protoss
  • League: Grandmaster

Ryung - Winner!

  • Race: Terran Terran
  • League: Master

Event: DreamHack SC2 Masters Last Chance 2022

VOD

Have the link to the VOD?

Description

Time

  • Played on: Dec. 15, 2021, 4:56 a.m.
  • Length: 8:45

All games in this series

Show
View Real Time Build Order
Export as new Build Order

iGMacSed Protoss 

Build Orders: 1 Gate Expand, Oracle Opening, Colossus Rush 

Get SALT Encoding   

  12  0:00  Probe  
  13  0:12  Probe  
  14  0:18  Pylon  
  14  0:24  Probe (Chrono Boost)  
  15  0:37  Gateway, Probe (Chrono Boost)  
  16  0:45  Probe (Chrono Boost)  
  16  0:46  Assimilator  
  17  0:51  Probe  
  18  1:03  Probe  
  19  1:15  Probe  
  20  1:25  Cybernetics Core  
  20  1:32  Nexus  
  20  1:38  Pylon  
  20  1:42  Probe  
  21  1:48  Assimilator  
  21  1:54  Probe  
  22  1:58  Adept (Chrono Boost)  
  24  2:06  Probe  
  25  2:18  Probe  
  25  2:22  Stargate  
  26  2:23  Adept (Chrono Boost)  
  28  2:30  Probe  
  28  2:33  Warp Gate  
  30  2:44  Probe (Chrono Boost)  
  30  2:47  Adept, Probe (Chrono Boost)  
  33  2:53  Probe (Chrono Boost)  
  33  2:56  Probe (Chrono Boost)  
  35  2:58  Probe (Chrono Boost)  
  36  3:06  Probe  
  36  3:08  Oracle (Chrono Boost)  
  36  3:10  Probe  
  41  3:17  Gateway  
  41  3:18  Probe  
  42  3:22  Probe, Pylon  
  43  3:30  Probe  
  44  3:35  Probe  
  44  3:39  Oracle  
  48  3:43  Probe  
  48  3:45  Pylon  
  48  3:46  Assimilator  
  48  3:47  Probe  
  50  3:53  Assimilator  
  50  3:55  Probe  
  51  3:59  Probe  
  51  4:00  Robotics Facility  
  52  4:07  Probe  
  53  4:11  Probe  
  54  4:19  Probe  
  54  4:23  Probe  
  54  4:24  Pylon  
  57  4:31  Probe  
  57  4:32  Shield Battery  
  57  4:35  Probe  
  57  4:36  Zealot  
  57  4:37  Zealot  
  62  4:43  Probe  
  62  4:45  Immortal (Chrono Boost)  
  63  4:47  Probe  
  63  4:48  Robotics Bay  
  63  4:51  Forge  
  68  4:59  Gateway  
  68  5:00  Gateway  
  68  5:01  Sentry  
  68  5:05  Pylon  
  70  5:09  Pylon  
  70  5:10  Pylon  
  70  5:13  Pylon  
  70  5:23  Observer (Chrono Boost)  
  70  5:27  Sentry x2  
  70  5:28  Probe  
  75  5:37  Protoss Ground Weapons Level 1  
  75  5:40  Colossus (Chrono Boost)  
  81  5:44  Extended Thermal Lance  
  81  5:53  Nexus  
  81  5:55  Pylon  
  81  5:57  Probe  
  81  5:59  Pylon  
  81  6:00  Probe  
  83  6:06  Photon Cannon  
  83  6:07  Photon Cannon  
  83  6:09  Probe  
  84  6:16  Probe  
  85  6:20  Colossus (Chrono Boost)  
  85  6:22  Probe  
  85  6:24  Pylon  
  92  6:28  Probe  
  92  6:31  Photon Cannon  
  93  6:34  Probe  
  93  6:35  Shield Battery  
  94  6:40  Probe  
  94  6:42  Phoenix  
  94  6:44  Twilight Council  
  94  6:46  Probe  
  98  6:51  Pylon  
  98  6:52  Probe  
  99  6:58  Probe  
  100  7:02  Gateway  
  100  7:03  Stalker x2  
  100  7:04  Probe  
  100  7:08  Zealot x2  
  103  7:20  Colossus (Chrono Boost)  
  98  7:22  Probe  
  98  7:23  Probe  
  98  7:25  Probe  
  98  7:27  Assimilator  
  106  7:30  Assimilator  
  106  7:32  Stalker x2  
  110  7:41  Stalker x2  
  110  7:43  Probe x2  
  116  7:45  Phoenix (Chrono Boost)  
  112  8:01  Zealot x2  
  112  8:04  Zealot x2  
  118  8:17  Phoenix  
  120  8:26  Zealot x4  
Show
View Real Time Build Order
Export as new Build Order

Ryung Terran - Winner!

Build Orders: Reaper Expand 

Get SALT Encoding   

  12  0:00  SCV  
  13  0:12  SCV  
  14  0:16  Supply Depot  
  14  0:24  SCV  
  15  0:38  SCV  
  15  0:39  Barracks  
  16  0:43  Refinery  
  16  0:50  SCV  
  17  1:02  SCV  
  18  1:14  SCV  
  19  1:26  Reaper, Orbital Command  
  20  1:47  Command Center  
  20  1:51  Supply Depot  
  20  1:53  SCV  
  21  1:59  Barracks Tech Lab  
  21  2:05  SCV  
  22  2:17  Marauder, SCV, Concussive Shells  
  22  2:21  Barracks  
  25  2:29  SCV  
  26  2:34  Barracks  
  26  2:39  Marauder  
  26  2:41  SCV  
  29  2:53  SCV  
  29  2:55  Refinery  
  30  2:59  Orbital Command  
  30  3:05  Stimpack, Marine  
  31  3:08  SCV  
  32  3:16  Engineering Bay  
  32  3:17  Barracks Reactor  
  32  3:20  SCV  
  32  3:22  Barracks Tech Lab  
  32  3:23  Marine  
  32  3:26  SCV  
  35  3:32  SCV  
  36  3:41  SCV  
  37  3:42  Marine x2  
  37  3:44  Terran Infantry Weapons Level 1, SCV  
  37  3:47  Supply Depot  
  40  3:53  SCV  
  41  3:55  Marine  
  41  3:56  SCV, Combat Shield, Marine  
  44  4:03  Missile Turret  
  44  4:09  SCV x2, Marine  
  45  4:10  Marine  
  45  4:13  Marine x2  
  48  4:21  SCV x2  
  50  4:24  Factory  
  50  4:25  Missile Turret  
  50  4:29  Marine  
  52  4:31  Marine  
  52  4:33  SCV  
  52  4:34  Supply Depot, SCV  
  52  4:38  Refinery  
  54  4:52  Supply Depot  
  54  4:56  SCV x2, Marine x2  
  54  4:59  Marine x2  
  60  5:08  Supply Depot, SCV x2  
  60  5:10  Starport  
  60  5:11  Factory Reactor  
  63  5:18  Marauder x2, Marine x2  
  63  5:20  SCV x2  
  70  5:28  Supply Depot  
  69  5:32  SCV x2, Refinery  
  69  5:34  Supply Depot  
  71  5:37  Marine x2  
  71  5:42  Marauder  
  75  5:44  SCV x2  
  75  5:46  Supply Depot, Barracks Tech Lab  
  77  5:53  Medivac  
  77  5:54  Medivac, Terran Infantry Armor Level 1  
  77  5:56  Siege Tank  
  84  5:58  Marine x2  
  84  6:03  Marine  
  87  6:08  Command Center  
  87  6:15  SCV x2  
  89  6:21  Marine x4  
  92  6:26  Medivac x2  
  92  6:28  Siege Tank  
  99  6:38  Supply Depot  
  99  6:40  Supply Depot  
  99  6:43  Marine x2  
  101  6:47  Barracks  
  101  6:48  SCV, Barracks  
  102  6:59  Viking x2  
  102  7:00  Marauder, SCV  
  109  7:02  Marauder  
  109  7:04  Supply Depot, Siege Tank  
  111  7:19  Marine x2  
  111  7:21  Marauder  
  114  7:23  Marauder  
  114  7:26  SCV x2  
  117  7:30  Viking x2  
  117  7:36  Barracks Tech Lab  
  121  7:37  Barracks Reactor, Marine x2  
  121  7:38  Siege Tank  
  121  7:41  SCV x2, Orbital Command  
  121  7:43  Supply Depot x2  
  127  8:00  Marauder, Marine x2  
  127  8:01  Marauder x2  
  127  8:03  Viking  
  126  8:08  SCV x3  
  126  8:18  Marine x2  
  126  8:19  Marine x2  
  134  8:20  SCV x3  

Tags
 
Add a new tag
Caveats
  • Supply blocks, unpowered buildings, or Contaminate may cause inaccurate times.
  • Supply counts are checked every 10 seconds.